 Dungeon Crawl Stone Soup version 0.29.0-4-gdea44cf6ec (webtiles) character file.

Game seed: 7854644462576739724

1846 qw the Blocker (level 9, 0/52 HPs)
             Began as a Gargoyle Berserker on Sept 4, 2022.
             Was a Priest of Trog.
             Slain by a skeletal warrior
             ... wielding a +0 trident
              (6 damage)
             ... on level 8 of the Dungeon.
             The game lasted 00:01:59 (5391 turns).

qw the Blocker (Gargoyle Berserker)                 Turns: 5391, Time: 00:01:59

Health: 0/52       AC: 25    Str: 30    XL:     9   Next: 12%
Magic:  9/9        EV:  5    Int:  6    God:    Trog [***...]
Gold:   211        SH: 20    Dex: 11    Spells: 8/8 levels left

rFire   + + +      SeeInvis .   a - +1 war axe
rCold   + . .      Faith    .   j - +0 tower shield
rNeg    + . .      Spirit   .   i - +0 plate armour "Sikogh" {Dex+5}
rPois   inf        Reflect  +   (no helmet)
rElec   +          Harm     .   m - scarf {rC+ rF+}
rCorr   .          Rampage  .   (no gloves)
Will    .....                   p - +2 pair of boots of Gozag's Grace {rElec rF+}
Stlth   ..........              k - amulet of reflection
HPRegen 0.17/turn               n - ring of protection from fire
MPRegen 0.11/turn               l - +4 ring of protection

@: about to teleport, on berserk cooldown, slowed, very slow
A: sickness immunity, AC +6, negative energy resistance 1, electricity
resistance, torment resistance 1, petrification resistance, clumsy 1, strong 1
a: Renounce Religion, Berserk, Trog's Hand


You were on level 8 of the Dungeon.
You worshipped Trog.
Trog was most pleased with you.
You visited 1 branch of the dungeon, and saw 7 of its levels.

You collected 308 gold pieces.
You spent 97 gold pieces at shops.


Innate Abilities, Weirdness & Mutations

You are immune to sickness and miasma.
Your stone body is resilient. (AC +6)
You are immune to poison.
You resist negative energy. (rN+)
You are resistant to electric shocks. (rElec)
You are resistant to unholy torment.
You are immune to petrification.
You are clumsy. (Dex -2)
Your muscles are strong. (Str +4, Int/Dex -1)


   Skills:
 - Level 4.0 Fighting
 - Level 7.1 Axes
 - Level 3.2 Armour
 - Level 1.5 Dodging
 + Level 9.2 Shields


You had 8 spell levels left.
You didn't know any spells.
Your spell library was empty.

Inventory:

Hand Weapons
 a - a +1 war axe (weapon)
 g - a +0 flail
Missiles
 d - a boomerang (quivered)
Armour
 i - the +0 plate armour "Sikogh" (worn) {Dex+5}
   (You acquired it on level 1 of the Dungeon)

   Dex:       It affects your dexterity (+5).
 j - a +0 tower shield (worn)
 m - a scarf of resistance (worn)
 p - the +2 pair of boots of Gozag's Grace (worn) {rElec rF+}
   (You acquired it on level 3 of the Dungeon)

   rF:        It protects you from fire.
   rElec:     It insulates you from electricity.
Jewellery
 k - an amulet of reflection (around neck)
 l - a +4 ring of protection (right hand)
 n - a ring of protection from fire (left hand)
 o - a ring of positive energy
Scrolls
 f - a scroll of identify
Potions
 c - a potion of might
 e - 2 potions of heal wounds {unknown}
 h - a potion of ambrosia {unknown}
 q - a potion of berserk rage {unknown}
 r - a potion of brilliance {unknown}
 s - a potion of mutation
 u - a potion of haste {unknown}

Dungeon Overview and Level Annotations

Branches:
Dungeon (8/15)
 Temple: D:4-7         Lair: D:8-11

Altars:
Gozag
Makhleb

Shops:
D:3 *


Message History

The skeletal warrior hits you but does no damage.
You slash the skeletal warrior!
The skeletal warrior is moderately damaged.
You block the skeletal warrior's attack. x2
You hit the skeletal warrior.
The skeletal warrior is moderately damaged.
You block the skeletal warrior's attack.
The skeletal warrior hits you but does no damage.
The skeletal warrior hits you with a +0 trident!
You hit the skeletal warrior but do no damage.
The skeletal warrior is moderately damaged.
You block the skeletal warrior's attack. x2
You hit the skeletal warrior.
The skeletal warrior is heavily damaged.
You block the skeletal warrior's attack.
The skeletal warrior hits you but does no damage.
You hit the skeletal warrior but do no damage.
The skeletal warrior is heavily damaged.
You block the skeletal warrior's attack. x2
You barely miss the skeletal warrior.
The skeletal warrior is heavily damaged.
The skeletal warrior hits you with a +0 trident!
You block the skeletal warrior's attack.
You slash the skeletal warrior!
The skeletal warrior is heavily damaged.
You block the skeletal warrior's attack.
The skeletal warrior hits you but does no damage.
You block the skeletal warrior's attack.
You hit the skeletal warrior but do no damage.
The skeletal warrior is heavily damaged.
You block the skeletal warrior's attack. x2
You hit the skeletal warrior.
The skeletal warrior is heavily damaged.
The skeletal warrior hits you with a +0 trident!
The skeletal warrior hits you but does no damage.
5391 ||| READING scroll of teleportation.
As you read the scroll of teleportation, it crumbles to dust.
You feel strangely unstable.
The skeletal warrior hits you with a +0 trident.
You die...

######## .......#
.......# ##########
.......## ####.........
........####....@z......
#####...>....##)#....#..
#....######....#...#
#.....# ###..# ..#
#....## .... .# #....#
.###. #....# .. #....#
.. #....#


You could see a skeletal warrior.

Vanquished Creatures
  A skeletal warrior (D:8)
  A wyvern (D:5)
  2 black bears
  3 phantoms
  Blork the orc (D:6)
  2 scorpions
  3 wights (D:5)
  A howler monkey (D:5)
  3 hounds
  A jelly (D:6)
  An iguana (D:5)
  2 orc priests (D:6)
  3 adders
  3 gnolls (D:5)
  2 ufetubi
  A dart slug (D:5)
  21 orcs
  8 bats
  4 endoplasms
  4 giant cockroaches
  10 goblins
  8 hobgoblins
  7 jackals (D:1)
  3 quokkas
  6 ball pythons
  A frilled lizard (D:1)
  9 kobolds
  5 rats
116 creatures vanquished.

Notes
Turn   | Place    | Note
-------+----------+-------------------------------------------
     0 | D:1      | qw the Gargoyle Berserker began the quest for the Orb.
     0 | D:1      | Reached XP level 1. HP: 14/14 MP: 1/1
     0 | D:1      | 0 ||| qw: Version: 0.1-a-103-gd6f5d3a
     0 | D:1      | 0 ||| qw: Game counter: 5666
     0 | D:1      | 0 ||| qw: Always use a shield: true
     0 | D:1      | 0 ||| qw: Do Orc after D:15 true
     0 | D:1      | 0 ||| qw: Do second Lair branch before Depths: true
     0 | D:1      | 0 ||| qw: Lair rune preference: random
     0 | D:1      | 0 ||| qw: Plans: Normal
     0 | D:1      | 0 ||| PLANNING D:1-11
   305 | D:1      | 305 ||| UPGRADING to +1 chain mail of willpower.
   315 | D:1      | 315 ||| DROPPING +0 animal skin.
   316 | D:1      | 316 ||| READING scroll labelled MIGIMO CATYADD.
   384 | D:2      | Found a faded altar of an unknown god.
   439 | D:2      | Reached skill level 3 in Axes
   483 | D:2      | Reached XP level 2. HP: 19/19 MP: 2/2
   705 | D:2      | 705 ||| Stepping ~*~*~tactically~*~*~ (stealth).
   709 | D:2      | 709 ||| Stepping ~*~*~tactically~*~*~ (stealth).
   711 | D:2      | 711 ||| Stepping ~*~*~tactically~*~*~ (stealth).
  1015 | D:2      | 1015 ||| Stepping ~*~*~tactically~*~*~ (stealth).
  1021 | D:2      | Reached XP level 3. HP: 23/23 MP: 3/3
  1291 | D:2      | 1291 ||| UPGRADING to +0 pair of boots.
  1296 | D:2      | 1296 ||| UPGRADING to +0 tower shield.
  1301 | D:2      | 1301 ||| READING scroll labelled FYWNIE LIMYT.
  1358 | D:2      | 1358 ||| READING scroll labelled HIURGH OFEJONA.
  1359 | D:2      | 1359 ||| DRINKING 2 fizzy red potions.
  1360 | D:2      | 1360 ||| DROPPING potion of flight.
  1402 | D:1      | 1402 ||| Stepping ~*~*~tactically~*~*~ (stealth).
  1404 | D:1      | 1404 ||| Stepping ~*~*~tactically~*~*~ (stealth).
  1405 | D:1      | 1405 ||| Stepping ~*~*~tactically~*~*~ (stealth).
  1406 | D:1      | 1406 ||| Stepping ~*~*~tactically~*~*~ (stealth).
  1461 | D:1      | 1461 ||| DROPPING +0 club.
  1643 | D:1      | Reached skill level 1 in Shields
  1662 | D:1      | Reached ** piety under Trog
  1874 | D:1      | 1874 ||| Stepping ~*~*~tactically~*~*~ (stealth).
  1892 | D:1      | 1892 ||| Stepping ~*~*~tactically~*~*~ (stealth).
  1917 | D:1      | 1917 ||| Stepping ~*~*~tactically~*~*~ (stealth).
  1929 | D:1      | Reached skill level 2 in Shields
  1968 | D:1      | 1968 ||| Stepping ~*~*~tactically~*~*~ (stealth).
  2081 | D:1      | Reached XP level 4. HP: 28/28 MP: 4/4
  2092 | D:1      | 2092 ||| Stepping ~*~*~tactically~*~*~ (stealth).
  2214 | D:1      | 2214 ||| UPGRADING to ring of protection from fire.
  2215 | D:1      | 2215 ||| READING scroll labelled NAGUXT BAHIN.
  2216 | D:1      | 2216 ||| READING scroll labelled UMMILA JUITE.
  2217 | D:1      | 2217 ||| READING scroll labelled OFIV ANIOKLE.
  2218 | D:1      | 2218 ||| READING scroll labelled PAIRIYMEVU.
  2218 | D:1      | Identified a scroll of acquirement
  2218 | D:1      | 2218 ||| ACQUIRING +0 plate armour "Sikogh" {Dex+5}
  2218 | D:1      | Acquired the +0 plate armour "Sikogh" {Dex+5}
  2220 | D:1      | 2220 ||| UPGRADING to +0 plate armour "Sikogh" {Dex+5}.
  2230 | D:1      | 2230 ||| DROPPING +1 chain mail of willpower.
  2372 | D:3      | 2372 ||| Stepping ~*~*~tactically~*~*~ (stealth).
  2383 | D:3      | 2383 ||| Stepping ~*~*~tactically~*~*~ (stealth).
  2403 | D:3      | 2403 ||| Stepping ~*~*~tactically~*~*~ (stealth).
  2406 | D:3      | 2406 ||| Stepping ~*~*~tactically~*~*~ (stealth).
  2413 | D:3      | 2413 ||| Stepping ~*~*~tactically~*~*~ (stealth).
  2414 | D:3      | 2414 ||| Stepping ~*~*~tactically~*~*~ (stealth).
  2416 | D:3      | 2416 ||| Stepping ~*~*~tactically~*~*~ (stealth).
  2425 | D:3      | Reached skill level 3 in Shields
  2621 | D:3      | 2621 ||| READING scroll of acquirement.
  2621 | D:3      | 2621 ||| ACQUIRING +2 pair of boots of Gozag's Grace {rElec
                  | rF+}
  2621 | D:3      | Acquired the +2 pair of boots of Gozag's Grace {rElec rF+}
  2623 | D:3      | 2623 ||| UPGRADING to scarf of resistance.
  2628 | D:3      | 2628 ||| UPGRADING to +2 pair of boots of Gozag's Grace
                  | {rElec rF+}.
  2638 | D:3      | 2638 ||| DROPPING +0 pair of boots.
  2975 | D:3      | Found Ivviq's General Store.
  2988 | D:3      | 2988 ||| BUYING scroll of enchant weapon (97 gold).
  2988 | D:3      | Bought a scroll of enchant weapon for 97 gold pieces
  2988 | D:3      | 2988 ||| READING scroll of enchant weapon.
  2988 | D:3      | 2988 ||| ENCHANTING +1 hand axe of protection.
  3240 | D:3      | 3240 ||| UPGRADING to +4 ring of protection.
  3241 | D:3      | 3241 ||| READING scroll labelled NOKALU TOEMING.
  3242 | D:3      | 3242 ||| READING scroll labelled ZAIMPYUTITT.
  3243 | D:3      | 3243 ||| READING scroll labelled UVO WIBIUNTYM.
  3244 | D:3      | 3244 ||| READING scroll labelled EWILEN POAREP.
  3247 | D:3      | 3247 ||| DRINKING 2 bubbling coppery potions.
  3248 | D:3      | 3248 ||| DROPPING potion of degeneration.
  3266 | D:4      | Noticed a scorpion
  3275 | D:4      | Killed a scorpion
  3276 | D:4      | Reached skill level 4 in Shields
  3276 | D:4      | Reached XP level 5. HP: 30/32 MP: 5/5
  3362 | D:4      | Reached *** piety under Trog
  3383 | D:4      | Identified the -2 buckler of Terror {Harm Drain rF++ Dex+4}
  3400 | D:4      | Noticed a phantom
  3401 | D:4      | 3401 ||| Stepping ~*~*~tactically~*~*~ (stealth).
  3413 | D:4      | Killed a phantom
  3414 | D:4      | Reached skill level 5 in Shields
  3414 | D:4      | Reached XP level 6. HP: 37/37 MP: 6/6
  3421 | D:4      | Noticed a black bear
  3423 | D:4      | 3423 ||| INVOKING Berserk.
  3427 | D:4      | Killed a black bear
  3428 | D:4      | Reached skill level 6 in Shields
  3557 | D:4      | 3557 ||| Stepping ~*~*~tactically~*~*~ (stealth).
  3558 | D:4      | 3558 ||| Stepping ~*~*~tactically~*~*~ (stealth).
  3563 | D:4      | 3563 ||| Stepping ~*~*~tactically~*~*~ (stealth).
  3710 | D:4      | Found a burning altar of Makhleb.
  3929 | D:4      | 3929 ||| UPGRADING to amulet of the acrobat.
  3934 | D:4      | 3934 ||| UPGRADING to amulet of reflection.
  3944 | D:4      | 3944 ||| DROPPING amulet of the acrobat.
  3945 | D:4      | 3945 ||| READING scroll labelled BOWNIBROSSUO.
  3946 | D:4      | 3946 ||| DRINKING 2 fizzy orange potions.
  3946 | D:4      | Gained mutation: You occasionally lose the ability to drink
                  | potions when taking damage. [potion of mutation]
  3946 | D:4      | Gained mutation: You are clumsy. (Dex -2) [potion of
                  | mutation]
  3946 | D:4      | Gained mutation: You are frail. (-10% HP) [potion of
                  | mutation]
  3947 | D:4      | 3947 ||| DRINKING potion of mutation.
  3947 | D:4      | Lost mutation: You occasionally lose the ability to drink
                  | potions when taking damage. [potion of mutation]
  3947 | D:4      | Lost mutation: You are frail. (-10% HP) [potion of
                  | mutation]
  3947 | D:4      | Gained mutation: Your muscles are strong. (Str +4, Int/Dex
                  | -1) [potion of mutation]
  3979 | D:4      | 3979 ||| READING 3 scrolls of identify.
  3979 | D:4      | 3979 ||| IDENTIFYING red potion
  3980 | D:4      | 3980 ||| READING 2 scrolls of identify.
  3980 | D:4      | 3980 ||| IDENTIFYING grey potion
  3981 | D:4      | 3981 ||| DROPPING potion of attraction.
  3982 | D:4      | 3982 ||| DROPPING potion of lignification.
  3998 | D:5      | Entered Level 5 of the Dungeon
  4006 | D:5      | 4006 ||| Stepping ~*~*~tactically~*~*~ (stealth).
  4016 | D:5      | Reached XP level 7. HP: 34/41 MP: 7/7
  4076 | D:5      | 4076 ||| Stepping ~*~*~tactically~*~*~ (hiding).
  4082 | D:5      | Reached skill level 7 in Shields
  4115 | D:5      | 4115 ||| Stepping ~*~*~tactically~*~*~ (stealth).
  4163 | D:5      | Noticed a wyvern
  4174 | D:5      | Killed a wyvern
  4175 | D:5      | Reached skill level 8 in Shields
  4288 | D:5      | 4288 ||| Stepping ~*~*~tactically~*~*~ (hiding).
  4339 | D:5      | 4339 ||| Stepping ~*~*~tactically~*~*~ (stealth).
  4358 | D:5      | Reached XP level 8. HP: 41/46 MP: 8/8
  4407 | D:5      | 4407 ||| READING scroll of enchant weapon.
  4407 | D:5      | 4407 ||| ENCHANTING +2 hand axe of protection.
  4408 | D:5      | Found an opulent altar of Gozag.
  4486 | D:5      | 4486 ||| INVOKING Berserk.
  4489 | D:5      | Reached skill level 3 in Armour
  4624 | D:5      | 4624 ||| Stepping ~*~*~tactically~*~*~ (stealth).
  4658 | D:5      | 4658 ||| DROPPING +0 whip.
  4885 | D:5      | 4885 ||| READING scroll labelled JOWKYRA SIMIAH.
  4886 | D:5      | 4886 ||| READING scroll labelled TIPUTS YFOAB.
  4887 | D:5      | 4887 ||| DRINKING 2 bubbling clear potions.
  4888 | D:5      | 4888 ||| DROPPING potion of magic.
  4946 | D:6      | 4946 ||| Stepping ~*~*~tactically~*~*~ (stealth).
  4949 | D:6      | 4949 ||| Stepping ~*~*~tactically~*~*~ (stealth).
  4951 | D:6      | 4951 ||| Stepping ~*~*~tactically~*~*~ (stealth).
  4952 | D:6      | 4952 ||| Stepping ~*~*~tactically~*~*~ (stealth).
  4954 | D:6      | 4954 ||| SWAPPING to +0 war axe.
  4955 | D:6      | 4955 ||| DROPPING +3 hand axe of protection.
  4979 | D:6      | 4979 ||| INVOKING Berserk.
  4987 | D:6      | 4987 ||| Stepping ~*~*~tactically~*~*~ (stealth).
  5122 | D:6      | Noticed Blork the orc
  5124 | D:6      | 5124 ||| Stepping ~*~*~tactically~*~*~ (hiding).
  5125 | D:6      | 5125 ||| INVOKING Berserk.
  5131 | D:6      | Killed Blork the orc
  5132 | D:6      | Reached skill level 9 in Shields
  5341 | D:6      | You fall into a shaft and drop 2 floors!
  5346 | D:8      | 5346 ||| READING scroll of enchant weapon.
  5346 | D:8      | 5346 ||| ENCHANTING +0 war axe.
  5364 | D:8      | Noticed a skeletal warrior
  5366 | D:8      | Noticed a skeletal warrior
  5367 | D:8      | 5367 ||| Stepping ~*~*~tactically~*~*~ (hiding).
  5368 | D:8      | 5368 ||| INVOKING Berserk.
  5378 | D:8      | Killed a skeletal warrior
  5379 | D:8      | Reached XP level 9. HP: 52/52 MP: 9/9
  5390 | D:8      | HP: 6/52 [skeletal warrior/+0 trident (12)]
  5391 | D:8      | 5391 ||| READING scroll of teleportation.
  5391 | D:8      | Slain by a skeletal warrior

Levels and vault maps discovered:
D:1:      dpeg_arrival_water_fire, layout_basic, minmay_heptomino_w4
D:2:      layout_basic, hellmonk_ecumenical_altar_crossroads,
          guppyfry_early_orc_mine
D:3:      layout_loops_corners, serial_shops, shop, minmay_ruptured
D:4:      layout_basic, makhleb_heckhound_becter, serial_bayou_pond_e
D:5:      layout_cave_pools, nicolae_gozag_cash_rules_everything_around_me
D:6:      layout_cave_pools, uniq_blork_the_orc
D:8:      layout_basic, gammafunk_temple_overflow_elements, serial_shops,
          kennysheep_mini, uniq_amaemon, uniq_maggie, uniq_grum

Skill      XL: |  1  2  3  4  5  6  7  8 |
---------------+-------------------------+-----
Axes           | 3 5 7 |  7.1
Shields        | 2 4 5 6 8 9 |  9.2
Armour         | 3 |  3.2
Fighting       | 4 |  4.0
Dodging        | |  1.5

Action                   |  1- 3 |  4- 6 |  7- 9 || total
-------------------------+-------+-------+-------++-------
Melee: Hand axe          |   112 |    93 |   112 ||   317
       Punch             |     2 |       |       ||     2
       War axe           |       |       |    57 ||    57
Throw: Boomerang         |    29 |    32 |    21 ||    82
Invok: Berserk           |       |     1 |     4 ||     5
  Use: Scroll            |     3 |    13 |     5 ||    21
       Potion            |     1 |     3 |     1 ||     5
Armor: Chain mail        |    79 |       |       ||    79
       Plate armour      |       |    55 |    77 ||   132
Dodge: Dodged            |    48 |     8 |    20 ||    76
Block: Tower shield      |    25 |    60 |   180 ||   265
       Reflection        |       |       |     2 ||     2

Table legend:
 A = Non-vault XP
 B = Vault XP
 C = Vault XP percentage of total XP
 D = Non-vault monster count
 E = Vault monster count
 F = Vault count percentage of total count
                 A         B        C        D         E       F
            +---------+---------+-------+---------+---------+-------
      Total |    2453 |     185 |   7.0 |      97 |      19 |  16.4
            +---------+---------+-------+---------+---------+-------
        D:1 |      42 |       8 |  16.0 |      26 |       5 |  16.1
        D:2 |      19 |      17 |  47.2 |      10 |       7 |  41.2
        D:3 |      31 |      20 |  39.2 |      14 |       5 |  26.3
        D:4 |     377 |      40 |   9.6 |      13 |       1 |   7.1
        D:5 |    1066 |       0 |   0.0 |      23 |       0 |   0.0
        D:6 |     161 |     100 |  38.3 |      10 |       1 |   9.1
        D:8 |     757 |       0 |   0.0 |       1 |       0 |   0.0
            +---------+---------+-------+---------+---------+-------
